Yev-Ruu, chaotic female vampiric Convict ---------------------------------------------------------------------------- |#................|...|...|...|...|...|...|...|...|...|...|...|...|...|....| |.................|.. |.. |.. |.. |.. |.. |.. |...|...|...|...|...|...|....| |...^.............|.---.---.---.---.---.---.---.---.---.---.---.---.---.---| |.......[...)...........................)................................_.| |.%...........[...............................)....._..............%....0..| |----..--------------.---.---.---.---.---.---.---.---.---.---.---.---.|....| |.................|...|...|...|...|...|...|...|...|...|...|...|...|...|....| |..........>......|...|...|...|...|...|...|...|...|...|...|...|...|...|....| |.................|---------------------------------------------------|....| |.................|...|...|...|...|...|...|...|...|...|...|...|...|...|....| |.................|.. |.. |.. |.. |.. |.. |.. |.. |.. |.. |.. |.. |.. |....| |------------------.---.---.---.---.---.---.---.---.---.---.---.---.---....| |............................................[.............................| |..........................................................................| |..*.a.....................a...............................................| |...@a............---.---.---.---_---.---.---.---.---.---.---.---.---.----.| |....)............| ..| ..| ..| ..| ..| ..| ..| ..| ..| ..| ..| ..| ..| .| |@................|...|...|...|...|...|...|...|...|...|...|...|...|...| ..| ----------------------------------------------------------------------- ---- Yev-Ruu the Prisoner Experience level: 12 Strength: 15 Dexterity: 17 Constitution: 18 Intelligence: 12 Wisdom: 10 Charisma: 7 Health: 0(103) Energy: 75(75) AC: -1 Gold: 3046 Moves: 13306 Your Inventory: Coins $ - 3046 gold pieces Armor i - an [uncursed] +0 leather cloak (being worn) s - a cursed -1 elven mithril-coat (being worn) t - an uncursed +0 pair of iron shoes of telepathy x - an uncursed +0 orcish helm of cold resistance (being worn) Z - an [uncursed] +1 small shield (being worn) Comestibles L - an uncursed Hyper Futa Mare Dick named Praise The Sun Scrolls q - 3 uncursed scrolls of teleportation u - a cursed scroll labeled XIXAXA XOXAXA XUXAXA [of enchant weapon] R - an [uncursed] scroll of confuse monster Potions X - a cursed potion of full healing Rings A - an uncursed +2 ring of gain constitution Wands H - an uncursed wand of digging [0:3] N - an uncursed wand called Tele [of teleportation (0:6)] W - an uncursed wand of death (0:0) Tools C - an uncursed credit card F - an uncursed bag called Oh hey it's holding [of holding] J - an [uncursed] brass lantern M - an [uncursed] skeleton key Iron balls c - an uncursed heavy iron ball (weapon in hand) Spells known in the end: Name Level Category Fail Memory a - healing 1 healing 100% [||||....] Your skills at the end: Fighting Skills body armor [Basic / Skilled] shield [Basic / Basic] Weapon Skills flail [Expert / Expert] sling [Basic / Skilled] Spellcasting Skills Final Attributes: You were piously aligned. Hunger level was -151. Your alignment was 75 / 76. Monster difficulty range was 2 - 12. Level difficulty was 13. You were immune to cold. You were immune to poison. You were immune to level-drain. You were immune to sickness. You could fly. You could survive without air. You regenerated. You were unlucky (-2). Tymora was angry with you (1). You are dead. Vanquished creatures: 2 iron golems a skeleton 7 prison guards 4 lava demons 4 inmates a clay golem a lurker above 2 ghosts a giant mimic 2 doppelgangers a long worm 3 earth elementals 2 xorns 5 sergeants 3 vrocks 4 small mimics a glass piercer 2 xans a quantum mechanic 2 giant turtles a pyrolisk a large dog a freezing sphere a tiger an ochre jelly a leocrotta a pit viper a carnivorous ape 16 soldiers a watchman 2 succubi an incubus a chameleon 38 giant beetles a quivering blob a cockatrice 3 wolves 3 winter wolf cubs a lynx a gremlin 7 leprechauns an orc-captain 2 iron piercers a mumak 9 giant spiders 2 scorpions an orc mummy 2 dwarf mummies a brown pudding 3 owlbears a yeti a lizard 2 housecats 2 jaguars a dwarf lord a dust vortex a raven a Kop Kaptain 2 snakes an ape 17 soldier ants 3 snow ants 9 bugbears a quasit a water nymph 2 Uruk-hai 2 rock piercers 12 enormous rats 2 rock moles a pony 3 yellow lights 2 shriekers 6 gnome lords a gnomish wizard 5 Kop Lieutenants a kobold mummy a guardian naga hatchling a barrow wight 2 straw golems 3 paper golems a baby crocodile 7 giant ants a little dog a floating eye a kitten 11 dwarves 3 kobold lords 11 hill orcs 6 rothes 5 rabid rats 3 giant bats 4 Kop Sergeants a monkey 2 orc zombies a dwarf zombie a wererat 3 iguanas 10 killer bees an acid blob 2 coyotes 4 hobbits 5 manes 10 hobgoblins 13 giant rats 2 cave spiders a yellow mold 2 green molds 44 gnomes 8 Keystone Kops 6 garter snakes a gnome zombie 2 geckos 4 jackals a fox 2 kobolds 5 goblins 9 sewer rats 11 grid bugs a bat 2 lichens 7 newts 458 creatures vanquished. Voluntary challenges: You went without food. You never hit with a wielded weapon. You read items or engraved 15 times. You put on armor 26 times. You never genocided any monsters. You never polymorphed an object. You never changed form. You used no wishes. You abstained from Elbereth's help. You never encountered a bones level. You never used any Sokoban shortcuts. Dungeon overview: The Dungeons of Doom: levels 1 to 13 Level 1 a fountain a long staircase Level 2 a general store, a fountain Level 3 (Leper) a general store stairs to The Gnomish Mines Level 6 many fountains Level 7 a fountain stairs to Sokoban Level 8 stairs to Town Level 9 a fountain Level 11 (Vault) a fountain Level 13 (Please PLEASE NO POLYTRAPS PLEASE) a fountain portal to The Quest The Gnomish Mines: levels 4 to 7 Level 4 stairs to The Dungeons of Doom The Quest: levels 1 to 5 Level 1 <- You were here an altar to Tymora, a magic chest, a sink portal to The Dungeons of Doom Level 3 a general store, a sink Level 4 (I'm okay with what's happening at the present moment) Level 5 (I can't kill him with -2 ac) Sokoban: Level 6 a magic chest stairs to The Dungeons of Doom Town: Level 7 stairs to The Dungeons of Doom History has recorded: On T:1 you entered the Dungeons of Doom to retrieve the Amulet of Yendor! On T:325 you reached level 2 of The Dungeons of Doom. On T:638 you advanced to experience level 2. On T:1054 you advanced to experience level 3. On T:1078 you reached level 3 of The Dungeons of Doom. On T:1140 you reached level 4 of The Dungeons of Doom. On T:1237 you advanced to experience level 4. On T:1365 you advanced to experience level 5. On T:1705 you advanced to experience level 6. On T:1912 you reached level 1 of The Gnomish Mines. On T:1965 you advanced to experience level 7. On T:2232 you reached level 2 of The Gnomish Mines. On T:2723 you advanced to experience level 8. On T:2784 you reached level 3 of The Gnomish Mines. On T:3122 you reached level 4 of The Gnomish Mines. On T:3670 you reached level 5 of The Dungeons of Doom. On T:4548 you reached level 6 of The Dungeons of Doom. On T:4789 you advanced to experience level 9. On T:4942 you reached level 7 of The Dungeons of Doom. On T:5026 you reached level 3 of Sokoban. On T:5489 you reached level 8 of The Dungeons of Doom. On T:5525 you reached level 3 of Town. On T:6238 you reached level 9 of The Dungeons of Doom. On T:6644 you reached level 10 of The Dungeons of Doom. On T:6660 you reached level 11 of The Dungeons of Doom. On T:6798 you reached level 12 of The Dungeons of Doom. On T:6808 you advanced to experience level 10. On T:7100 you reached level 13 of The Dungeons of Doom. On T:7964 you reached level 1 of The Quest. On T:8355 you advanced to experience level 11. On T:8701 you embarked upon an epic quest. On T:8811 you received a rustproof flail of reflection from Tymora. On T:8818 you received a rustproof flail of searching from Tymora. On T:9241 you reached level 2 of The Quest. On T:9523 you reached level 3 of The Quest. On T:11161 you reached level 4 of The Quest. On T:11264 you reached level 5 of The Quest. On T:11285 you advanced to experience level 12. Latest messages: You bite the giant beetle. You faint from lack of food. [HP+1=54] The giant beetle bites! [HP-5=49] The giant beetle bites! [HP-8=41] [HP+2=43] The giant beetle bites! [HP-3=40] The giant beetle bites! [HP-2=38] [HP+1=39] The giant beetle bites! [HP-10=29] The giant beetle bites! (2x) [HP-18=11] [HP+1=12] The giant beetle misses. (2x) [HP+3=15] The giant beetle bites! (2x) You die... The bag of holding is empty. Final status: Goodbye Yev-Ruu the Convict... You died in The Quest on dungeon level 1 with 55002 points, and 3046 pieces of gold, after 13306 moves. You were level 12 with a maximum of 103 hit points when you died.